 Dungeon Crawl Stone Soup version 0.21-a0-331-gfb491b4 (webtiles) character file.

48 Kriby the Skirmisher (level 3, -4/31 HPs)
             Began as a Gnoll Wanderer on Oct 2, 2017.
             Slain by Sigmund
             ... wielding a +0 scythe
              (8 damage)
             ... on level 2 of the Dungeon.
             The game lasted 00:01:11 (1177 turns).

Kriby the Skirmisher (Gnoll Wanderer)               Turns: 1177, Time: 00:01:12

Health: -4/31      AC:  5    Str: 14    XL:     3   Next: 72%
Magic:  6/6        EV: 11    Int: 15    God:
Gold:   65         SH:  0    Dex: 14    Spells: 3/3 levels left

rFire    . . .     SeeInvis .   a - +2 hand axe
rCold    . . .     Gourm    .   (no shield)
rNeg     . . .     Faith    .   b - +0 ring mail
rPois    .         Spirit   .   (no helmet)
rElec    .         Reflect  .   (no cloak)
rCorr    .         Harm     .   (no gloves)
MR       .....                  (no boots)
Stlth    +.........             (no amulet)
HPRegen  0.10/turn              (no ring)
MPRegen  0.10/turn              (no ring)

@: no status effects
A: distributed training, fangs 1, strong nose
a: no special abilities


You were on level 2 of the Dungeon.
You were hungry.

You visited 1 branch of the dungeon, and saw 2 of its levels.

You collected 65 gold pieces.

Inventory:

Hand Weapons
 a - a +2 hand axe (weapon)
 i - a +1 short sword of holy wrath
Armour
 b - a +0 ring mail (worn)
Scrolls
 e - a scroll of fear {unknown}
 g - 3 scrolls of identify {unknown}
 j - a scroll of enchant weapon {unknown}
Potions
 c - a potion of lignification
 h - a potion of curing {unknown}
Comestibles
 d - a bread ration
 k - a meat ration


   Skills:
 + Level 4.5 Fighting
 + Level 0.9 Short Blades
 + Level 0.9 Long Blades
 + Level 4.5 Axes
 + Level 0.9 Maces & Flails
 + Level 0.9 Polearms
 + Level 0.9 Staves
 + Level 0.9 Slings
 + Level 0.9 Bows
 + Level 0.9 Crossbows
 + Level 0.9 Throwing
 + Level 2.6 Armour
 + Level 2.6 Dodging
 + Level 2.4 Stealth
   Level 0.0 Stabbing
 + Level 0.9 Shields
   Level 0.0 Traps
 + Level 2.6 Unarmed Combat
 + Level 0.9 Spellcasting
 + Level 0.9 Conjurations
 + Level 0.9 Hexes
 + Level 0.9 Charms
 + Level 0.9 Summonings
 + Level 0.9 Necromancy
 + Level 0.9 Translocations
 + Level 0.9 Transmutations
 + Level 0.9 Fire Magic
 + Level 0.9 Ice Magic
 + Level 0.9 Air Magic
 + Level 0.9 Earth Magic
 + Level 0.9 Poison Magic
 + Level 0.9 Invocations
 + Level 4.5 Evocations


You had 3 spell levels left.
You didn't know any spells.

Dungeon Overview and Level Annotations

Branches:
Dungeon (2/15)

Altars:

Annotations:
D:2 Sigmund


Innate Abilities, Weirdness & Mutations

Your experience applies equally to all skills.
You have very sharp teeth.
Your uncanny sense of smell can sniff out nearby items.


Message History

You barely miss Sigmund.
Sigmund is almost dead.
Sigmund hits you with a scythe.
Your ring mail prevents you from hitting Sigmund.
Sigmund is almost dead.
Sigmund points at you and mumbles some strange words.
The puff of flame hits you!
You barely miss Sigmund.
Sigmund is almost dead.
Sigmund casts a spell at you. The puff of flame hits you!
* * * LOW HITPOINT WARNING * * *
You barely miss Sigmund.
Sigmund is almost dead.
Sigmund hits you with a scythe.
* * * LOW HITPOINT WARNING * * *
You hit Sigmund but do no damage.
Sigmund is almost dead.
Sigmund hits you with a scythe!
You die...

## .##
.. .#
####.#
#.รท..#
#..<.#
#..@##
##@##
#.# #.#
#.# #.#
#.# #.#
#.#


You could see Sigmund.

Vanquished Creatures
  A gnoll (D:1)
  3 dart slugs (D:1)
  A leopard gecko (D:1)
  3 bats (D:1)
  4 goblins (D:1)
  7 hobgoblins
  2 jackals (D:1)
  A quokka (D:2)
  2 frilled lizards (D:1)
  2 kobolds (D:1)
  3 rats (D:1)
29 creatures vanquished.

Notes
Turn   | Place    | Note
-------+----------+-------------------------------------------
     0 | D:1      | Kriby the Gnoll Wanderer began the quest for the Orb.
     0 | D:1      | Kriby set off with: a +2 hand axe, a +0 ring mail, a potion of lignification, a bread ration
     0 | D:1      | Reached XP level 1. HP: 20/20 MP: 3/3
    18 | D:1      | Reached XP level 2. HP: 23/26 MP: 5/5
   145 | D:1      | Reached XP level 3. HP: 24/31 MP: 6/6
   832 | D:2      | Noticed Sigmund
   864 | D:2      | HP: 1/31 [something/magic dart (2)]
  1177 | D:2      | Slain by Sigmund

Vault maps used:
D:1:      matt_arrival_debris
D:2:      lemuel_doored_altar, old_standard_altar,
          minmay_misc_feat_secret_circle, uniq_natasha, uniq_sigmund

Action                   || total
-------------------------++-------
Melee: Hand axe          ||    80
       Bite              ||    12
       Unarmed           ||    21
       Short sword       ||     2
 Stab: Sleeping          ||     2
Armor: Ring mail         ||    16
Dodge: Dodged            ||    41

Table legend:
 A = Spawn XP
 B = Non-spawn XP
 C = Spawn XP percentage of total XP
 D = Spawn monster count
 E = Non-spawn monster count
 F = Spawn count percentage of total count
 G = Total turns spent on level
                    A         B        C        D         E        F      G
               +---------+---------+-------+---------+---------+-------+---------
         Total |       0 |      69 |   0.0 |       0 |      29 |   0.0 |  1177
               +---------+---------+-------+---------+---------+-------+---------
           D:1 |       0 |      65 |   0.0 |       0 |      27 |   0.0 |  1123
           D:2 |       0 |       4 |   0.0 |       0 |       2 |   0.0 |    54
               +---------+---------+-------+---------+---------+-------+---------
